[Event "Early-Titled-Tuesday-Blitz-August-29-2023"]
[Site "Chess.com"]
[Date "2023.08.29"]
[Round "1"]
[White "VerdeNotte"]
[Black "DawidCzerw"]
[Result "1-0"]
[WhiteElo "2901"]
[BlackElo "2476"]
[TimeControl "180+1"]
[EndTime "8:08:10 PDT"]
[Termination "VerdeNotte won by resignation"]

1. Nf3 c5 2. e4 Nc6 3. c3 Nf6 4. e5 Nd5 5. Bc4 Nb6 6. Bb3 d5 7. exd6 Qxd6 8. O-O Bf5 9. d4 cxd4 10. Nxd4 Nxd4 11. cxd4 e6 12. a4 Be7 13. a5 Nd5 14. Nc3 O-O 15. Qf3 Nxc3 16. bxc3 Rac8 17. d5 Qc7 18.
dxe6 Bxe6 19. Bxe6 fxe6 20. Qe3 Qc6 21. Ba3 Bxa3 22.
Rxa3 b6 23. axb6 axb6 24. Re1 Rf6 25. Rb3 b5 26. Reb1 h6 27. Rxb5 Qxc3 28. Rb8 Qc7 29. Qg3 Rff8 30. Rxc8 Qxc8 31. h4 Qd7 32. Qe3 Qf7 33.
Rb6 Re8 34. Qb3 Kh8 35. g3 Qf6 36. Kg2 Rf8 37. Qe3 Qf7 38. Rxe6 Qb7+ 39. Kh2 Qf7 40. Kg1 Rd8 41. Qe4 Rd1+ 42. Kg2 Rd8 43. g4 Rf8 44. f3 Qd7 45. h5 Qd2+ 46. Kg3 Qd7 47. Re7 Qd6+ 48. Kh3 Qf6 49. Re8 Rxe8 50. Qxe8+ Kh7 51.
Qe4+ Kg8 52. Qd5+ Kh7 53. Kg3 Qf8 54. Qf5+ Qxf5 55. gxf5 Kg8 56. Kf4 Kf7 57. Ke5 Ke7 58. f6+ gxf6+ 59. Kf5 Kf7 60. f4 Kg7 61. Ke6 f5 62.
Ke5 Kf7 63. Kxf5 Kg7 64. Ke6 Kf8 65. Kf6 Ke8 66. Kg7 Ke7 67. f5 Kd6 68. f6 Ke5 69. f7 Kf5 70. f8=Q+ Kg5 71. Qf6+ 1-0

[Event "Early-Titled-Tuesday-Blitz-August-29-2023"]
[Site "Chess.com"]
[Date "2023.08.29"]
[Round "1"]
[White "Rosh1610"]
[Black "MarcoRiehle"]
[Result "0-1"]
[WhiteElo "2438"]
[BlackElo "2816"]
[TimeControl "180+1"]
[EndTime "8:08:11 PDT"]
[Termination "MarcoRiehle won by checkmate"]

1. e4 e5 2. Nf3 Nf6 3. Nxe5 Nxe4 4. Qe2 Qe7 5. Qxe4 d6 6. d4 dxe5 7. Qxe5 Qxe5+ 8. dxe5 Bf5 9. Bd3 Bxd3 10. cxd3 Nc6 11. f4 Nb4 12. Na3 Nxd3+ 13. Ke2 Nxc1+ 14. Raxc1 Bxa3 15. bxa3 O-O-O 16. Rc4 Rd5 17. Rhc1 c6 18. R1c2 Re8 19. Kf3 f6 20. exf6 gxf6 21. R4c3 f5 22. Re3 Rxe3+ 23. Kxe3 Kd7 24. h3 h5 25. Rc1 b6 26. g3 Ra5 27. Rc3 Ra4 28. Kf3 c5 29. g4 fxg4+ 30.
hxg4 hxg4+ 31. Kxg4 Re4 32. Kf5 Re2 33. Kg6 Rg2+ 34.
Kf6 Rxa2 35. f5 Kd6 36. Rd3+ Kc6 37. Kf7 c4 38. Rf3 Kd7 39. f6 b5 40. Kf8 a5 41. f7 Rg2 42. Rf4 c3 43. Rd4+ Kc6 44. Rd3 b4 45. axb4 axb4 46. Rd4 Kc5 47. Rf4 Ra2 48.
Re4 Rf2 49. Ke7 c2 50. Re1 b3 51. f8=Q Rxf8 52. Kxf8 b2 53. Re5+ Kd4 54. Re8 c1=Q 55. Rd8+ Kc3 56. Rc8+ Kd2 57. Rd8+ Ke2 58. Re8+ Kf2 59.
Re7 b1=Q 60. Rf7+ Kg3 61. Rg7+ Kh4 62. Rh7+ Qxh7 63. Ke8 Qc8# 0-1

[Event "Early-Titled-Tuesday-Blitz-August-29-2023"]
[Site "Chess.com"]
[Date "2023.08.29"]
[Round "1"]
[White "ATM622"]
[Black "OparinGrigoriy"]
[Result "0-1"]
[WhiteElo "2510"]
[BlackElo "2975"]
[TimeControl "180+1"]
[EndTime "8:08:14 PDT"]
[Termination "OparinGrigoriy won by resignation"]

1. d4 Nf6 2. c4 e6 3. g3 c5 4.
d5 exd5 5. cxd5 d6 6. Bg2 g6 7. Nc3 Bg7 8. Nf3 O-O 9. O-O Re8 10. Nd2 a6 11. a4 Nbd7 12. Nc4 Ne5 13. Nxe5 Rxe5 14.
e4 Rb8 15. f4 Re8 16. Re1 b5 17. axb5 axb5 18. e5 dxe5 19. fxe5 Ng4 20. Bf4 Bxe5 21. Bxe5 Nxe5 22. d6 c4 23. Kh1 Nd3 24. Rxe8+ Qxe8 25. Qf1 Qe5 26. Nd5 Qxd6 27. Ra7 Bf5 28. g4 Re8 29. Ra1 Qc5 30. Nf6+ Kf8 31. gxf5 Nf2+ 32. Kg1 Ng4+ 33.
Kh1 Nf2+ 34. Kg1 Ng4+ 35. Kh1 Nxf6 36. fxg6 Re6 37. gxf7 Kxf7 38. Qf3 Qe5 39. Rf1 h5 40. Qb7+ Kg6 41. Qf3 b4 42. Bh3 Re7 43. Bf5+ Kf7 44. Bb1 Re6 45. Bf5 Rd6 46. Qg2 Qd5 47. Qxd5+ Rxd5 48. Rf2 c3 49. bxc3 bxc3 50. Bc2 Rd2 51. Rxd2 cxd2 52. Kg2 Nd5 53. Kf3 Nc3 54. Kf4 Kf6 55.
h4 d1=Q 56. Bxd1 Nxd1 57. Kf3 Kf5 58. Kg3 Ke4 59. Kg2 Kf4 60. Kh3 Ne3 61. Kh2 Kg4 62. Kg1 Kxh4 63. Kh1 Kg3 64. Kg1 h4 65. Kh1 h3 66. Kg1 Ng4 67. Kh1 Nf2+ 68. Kg1 h2+ 69. Kf1 h1=Q+ 70. Ke2 Qd1+ 0-1

[Event "Early-Titled-Tuesday-Blitz-August-29-2023"]
[Site "Chess.com"]
[Date "2023.08.29"]
[Round "1"]
[White "reevecanada"]
[Black "Nitzan_Steinberg"]
[Result "1-0"]
[WhiteElo "2502"]
[BlackElo "2895"]
[TimeControl "180+1"]
[EndTime "8:08:17 PDT"]
[Termination "reevecanada won on time"]

1. e4 c5 2. Nf3 e6 3. b3 Nc6 4.
Bb2 d6 5. c4 e5 6. Be2 Nf6 7. O-O Nxe4 8. a3 a5 9. Nc3 Nxc3 10.
dxc3 Be7 11. b4 b6 12. Qd5 Bd7 13. Rfd1 axb4 14. cxb4 cxb4 15. axb4 Rxa1 16. Rxa1 Nxb4 17. Qd2 Nc6 18. Ra6 Bc8 19. Ra8 O-O 20. Bd3 Qc7 21.
Be4 Bb7 22. Rxf8+ Bxf8 23. Qc2 g6 24. Qa4 Na5 25. Nd2 Bxe4 26. Nxe4 Qxc4 27. Nf6+ Kg7 28. Ne8+ Kh8 29. Qd7 Qe6 30. Qd8 Nc6 31. Qa8 Qd5 32.
h3 Nb4 33. Qb8 Na6 34. Qd8 Qe6 35. Nc7 Qe7 36. Qxe7 Bxe7 37. Nxa6 f6 38. Nc7 Kg8 39. Nd5 Kf7 40. Nxb6 Ke6 41. Nc4 d5 42. Nd2 d4 43.
Kf1 Kd5 44. Ke2 e4 45. Nb3 d3+ 46. Ke3 f5 47. f4 Bd8 48. Bd4 Be7 49. g4 Bb4 50. Bb2 Be7 51. Be5 Bd8 52. Bd4 Bc7 53. Nd2 Bxf4+ 54. Kxf4 Kxd4 55. gxf5 gxf5 56. Nf1 1-0

[Event "Early-Titled-Tuesday-Blitz-August-29-2023"]
[Site "Chess.com"]
[Date "2023.08.29"]
[Round "1"]
[White "Virgo15"]
[Black "Casper"]
[Result "1-0"]
[WhiteElo "2757"]
[BlackElo "2416"]
[TimeControl "180+1"]
[EndTime "8:08:17 PDT"]
[Termination "Virgo15 won by resignation"]

1. d4 Nf6 2. Bf4 g6 3. Nc3 Bg7 4. e4 O-O 5. e5 Ne8 6. Qe2 Nc6 7. O-O-O d6 8. h4 b5 9. h5 b4 10. Ne4 Bf5 11. Ng3 dxe5 12. dxe5 Qc8 13. hxg6 fxg6 14. Nxf5 Qxf5 15. Qc4+ Kh8 16. Nh3 Nxe5 17. Qb3 c5 18. g3 c4 19. Bxc4 Nxc4 20. Qxc4 Rc8 21. Qb3 a5 22. Ng5 h5 23. Qd3 Qf6 24. Rxh5+ Kg8 25.
Qb3+ e6 26. Rhh1 a4 27. Qxe6+ Qxe6 28. Nxe6 b3 29. axb3 axb3 30. c3 Rf7 31. Nxg7 Nxg7 32. Rd6 Ra7 33. Kd2 Ra2 34. Rb1 Kf7 35. Rb6 Rd8+ 36.
Ke2 Re8+ 37. Kf3 Ne6 38. Rxb3 Nxf4 39. Kxf4 Re2 40. Kf3 Rd2 41. Rb6 Ra5 42. g4 Re5 43. Rh1 Ree2 44. Rh7+ Kg8 45. Rc7 Rxf2+ 46. Kg3 Rg2+ 47.
Kf4 Rd8 48. Rbb7 Rf2+ 49. Kg5 Kf8 50. Rh7 Ke8 51. Rh8+ Rf8 52. Rxf8+ Kxf8 53. Kxg6 Rd2 54. g5 Rd6+ 55. Kh5 Rd2 56. Kh6 Rh2+ 57. Kg6 Rg2 58.
Rb8+ Ke7 59. b4 Rg1 60. b5 Rg2 61. b6 Rg1 62. b7 1-0

[Event "Early-Titled-Tuesday-Blitz-August-29-2023"]
[Site "Chess.com"]
[Date "2023.08.29"]
[Round "1"]
[White "ljuks68"]
[Black "KNVB"]
[Result "1-0"]
[WhiteElo "2448"]
[BlackElo "2792"]
[TimeControl "180+1"]
[EndTime "8:08:19 PDT"]
[Termination "ljuks68 won by checkmate"]

1. e4 b6 2. d4 Bb7 3. Bd3 e6 4. Nf3 d5 5. e5 Ba6 6. Bxa6 Nxa6 7. c3 Qd7 8. O-O c5 9. a3 c4 10. Nbd2 Ne7 11. b3 cxb3 12. Qxb3 Nc6 13. a4 Na5 14. Qc2 Rc8 15. Ba3 Bxa3 16. Rxa3 Nb8 17. Rc1 h6 18. Qd3 Nbc6 19. c4 dxc4 20. Nxc4 Nxc4 21. Rxc4 O-O 22. Rac3 Ne7 23. Qc2 Rxc4 24. Rxc4 Rc8 25. Rxc8+ Nxc8 26. h3 Ne7 27. Qc4 Qb7 28. Qb5 Kf8 29. Qd3 Kg8 30. Qb5 Qc6 31. Qa6 Qd7 32. Qc4 Nd5 33. Nd2 Qc7 34. Qxc7 Nxc7 35. Kf1 Kf8 36. Ke2 Ke7 37. Kd3 Kd7 38. Kc4 a6 39. Ne4 b5+ 40. axb5 axb5+ 41. Kc5 Ke7 42. Nd6 f6 43. Nxb5 Nd5 44. g3 f5 45. Nd6 Nc3 46. Kc6 Nd1 47. d5 exd5 48.
Kxd5 Nxf2 49. Nxf5+ Kf7 50. e6+ Kf6 51. e7 Kf7 52.
Kd6 Ne4+ 53. Kd7 Nf6+ 54. Kd8 Ke6 55. Nxg7+ Ke5 56. e8=Q+ Nxe8 57. Nxe8 Ke4 58. Ng7 Kf3 59. Nf5 h5 60. Ke7 Kg2 61. h4 Kh3 62. Kf6 Kg4 63. Kg6 Kf3 64. Kxh5 Ke4 65. Kg5 Ke5 66. h5 Ke6 67. h6 Kf7 68. h7 Ke6 69. h8=Q Kf7 70.
Qf6+ Kg8 71. Qg7# 1-0

[Event "Early-Titled-Tuesday-Blitz-August-29-2023"]
[Site "Chess.com"]
[Date "2023.08.29"]
[Round "1"]
[White "maciek_92"]
[Black "salzikis"]
[Result "1/2-1/2"]
[WhiteElo "2714"]
[BlackElo "2412"]
[TimeControl "180+1"]
[EndTime "8:08:20 PDT"]
[Termination "Game drawn by repetition"]

1. c4 e5 2. Nc3 Nf6 3. g3 Bb4 4. Bg2 O-O 5. e4 d6 6. Nge2 c5 7. O-O Nc6 8. d3 Bg4 9. f3 Be6 10.
f4 Bg4 11. h3 Bxe2 12. Nxe2 Ne8 13. g4 exf4 14. Bxf4 Ne5 15. Be3 Qe7 16. Nf4 Nc7 17. Qe2 Ba5 18. Rf2 Ng6 19. Nd5 Nxd5 20. cxd5 b5 21. Raf1 Bb6 22. Rf5 f6 23. Kh1 Rae8 24.
Bf2 Qd7 25. b3 Ne7 26. Rf3 Nxd5 27. Bg3 Ne7 28. Qd2 Ng6 29. Rf5 Ne7 30. R5f3 Ng6 31. Rf5 a6 32. h4 Ne5 33. Bh3 Qc6 34. Kh2 d5 35. g5 dxe4 36. dxe4 Ng6 37. gxf6 Rxf6 38.
h5 Rxf5 39. exf5 Ne5 40. Bg2 Qf6 41. Re1 Bc7 42. Kh1 Qd6 43. Qg5 h6 44. Qc1 Kh8 45. Qc2 c4 46. bxc4 bxc4 47. Qe4 Qf6 48. Rf1 Re7 49. Bh4 Qd6 50. f6 Rf7 51. fxg7+ Kg8 52.
Rxf7 Nxf7 53. Qa8+ Kxg7 54. Kg1 Qh2+ 55. Kf1 Qf4+ 56.
Bf2 Bb6 57. Bf3 Bxf2 58. Kxf2 Ne5 59. Qa7+ Kf6 60. Qb6+ Kg5 61. Qd8+ Kf5 62. Qf8+ Kg5 63. Qg7+ Kf5 64. Qf8+ Kg5 65. Qe7+ Kf5 66. Qf8+ 1/2-1/2

[Event "Early-Titled-Tuesday-Blitz-August-29-2023"]
[Site "Chess.com"]
[Date "2023.08.29"]
[Round "1"]
[White "Yuruultei"]
[Black "MatyChess1"]
[Result "1-0"]
[WhiteElo "2409"]
[BlackElo "2681"]
[TimeControl "180+1"]
[EndTime "8:08:20 PDT"]
[Termination "Yuruultei won by checkmate"]

1. d4 d5 2. c4 e6 3. Nc3 a6 4. g3 dxc4 5. Bg2 Nf6 6. Nf3 b5 7. Ne5 Nd5 8. O-O Bb7 9. e4 Nxc3 10. bxc3 Nd7 11. Bf4 Be7 12. a4 Nxe5 13. Bxe5 O-O 14.
Qg4 Bf6 15. Bxf6 Qxf6 16. e5 Qe7 17. Bxb7 Ra7 18. Bc6 b4 19. cxb4 Qxb4 20. d5 Qc5 21. Rfd1 Rb8 22. Rac1 c3 23. Qf3 c2 24. Re1 Rb2 25.
dxe6 fxe6 26. Be8 Qe7 27. Qc3 Rab7 28. Bc6 R7b3 29. Qc4 Rb4 30. Qxa6 g6 31. Qe2 Qc5 32. Bd7 Qe7 33. Qd2 c5 34. Bc6 Qc7 35.
Bb5 Qa5 36. Rxc2 Rxc2 37. Qxc2 Rxb5 38. Rd1 Rb8 39. Qc4 Qb6 40. Rd6 Qb1+ 41. Kg2 Re8 42. Rxe6 Qb7+ 43. Kg1 Rxe6 44. Qxe6+ Kg7 45. Qf6+ Kg8 46.
e6 Qb1+ 47. Kg2 Qe4+ 48. Kh3 h5 49. Qf7+ Kh8 50. e7 Qg4+ 51. Kg2 Qe4+ 52. f3 Qe2+ 53. Kh3 Qf1+ 54. Kh4 Qc4+ 55. Qxc4 Kg7 56. e8=Q Kh6 57.
Qe7 g5+ 58. Kh3 g4+ 59. Kg2 Kg6 60. Kf2 gxf3 61. Qce6# 1-0

[Event "Early-Titled-Tuesday-Blitz-August-29-2023"]
[Site "Chess.com"]
[Date "2023.08.29"]
[Round "1"]
[White "a-z30"]
[Black "Kildepiotr"]
[Result "1-0"]
[WhiteElo "2358"]
[BlackElo "2644"]
[TimeControl "180+1"]
[EndTime "8:08:20 PDT"]
[Termination "a-z30 won by resignation"]

1. d3 g6 2. Nf3 Bg7 3. g3 d5 4.
Bg2 Nf6 5. O-O O-O 6. c4 dxc4 7.
dxc4 Nbd7 8. Nc3 e5 9. b3 Qe7 10. Nb5 Nc5 11. Ba3 Bg4 12. Qe1 c6 13. Nc3 e4 14.
Na4 Nfd7 15. Nd2 Bxa1 16. Qxa1 Bxe2 17. Re1 Bd3 18. Bxe4 Qg5 19. f4 Qh5 20. Nxc5 Nxc5 21. Bf3 Qf5 22. Re5 Qf6 23. Bxc5 Rfd8 24. Bd4 Qd6 25.
Bc3 Re8 26. Ne4 Bxe4 27. Bxe4 Rad8 28. Kf2 f6 29. Rxe8+ Rxe8 30. Bf3 Kf7 31. Qb2 Qc5+ 32. Bd4 Qa5 33. Qc2 Qe1+ 34. Kg2 Rd8 35. Qc3 Qe6 36. Kf2 b6 37. Be3 Kg7 38. h4 Qf5 39.
g4 Qb1 40. g5 Qf5 41. Qxf6+ Qxf6 42. gxf6+ Kxf6 43. Be4 c5 44. Bd5 Re8 45. Kf3 Kf5 46.
Bf2 h5 47. Be3 Re7 48. Bc6 Rc7 49. Bd5 Rd7 50. Be4+ Kf6 51. Bd5 Kf5 52. Bd2 Re7 53.
Bc3 Re8 54. Be5 Re7 55. Be4+ Ke6 56. Bxg6 Rd7 57. Be4 Rd2 58. Bd5+ Kf5 59. Be4+ Ke6 60. Bc3 Rxa2 61. f5+ Kf7 62. Bd5+ Ke7 63. f6+ Kf8 64. f7 Rc2 65. Be5 1-0

[Event "Early-Titled-Tuesday-Blitz-August-29-2023"]
[Site "Chess.com"]
[Date "2023.08.29"]
[Round "1"]
[White "HrvojeZagreb"]
[Black "AdvanceGuard4"]
[Result "0-1"]
[WhiteElo "2290"]
[BlackElo "2620"]
[TimeControl "180+1"]
[EndTime "8:08:21 PDT"]
[Termination "AdvanceGuard4 won by checkmate"]

1. f4 d5 2. b3 Nf6 3. Bb2 e6 4. Nf3 c5 5. e3 Be7 6. Be2 Nc6 7.
O-O O-O 8. d3 d4 9. e4 Ng4 10. Bc1 b6 11. Qe1 f5 12. h3 Ne3 13.
Bxe3 dxe3 14. e5 Nd4 15. Bd1 e2 16. Bxe2 Nxc2 17. Qc3 Nxa1 18. Qxa1 Ba6 19. Rd1 Qd7 20. Na3 b5 21. Kh2 Rfd8 22. Qc1 Bb7 23. d4 cxd4 24. Rxd4 Qc6 25. Qxc6 Bxc6 26. Nxb5 Bc5 27. Rxd8+ Rxd8 28. Nc7 Be3 29. Nxe6 Re8 30. Ned4 Bxf4+ 31. g3 Bxf3 32. Bxf3 Bxe5 33. Nxf5 Rd8 34. h4 Rd2+ 35. Kh3 Rxa2 36. b4 Rb2 37. Ne7+ Kf8 38. Nc6 Bd6 39. Kg4 a6 40. h5 Bxb4 41. Ne5 a5 42. Nd7+ Ke7 43. Bc6 Rc2 44. Ba4 Ra2 45. Bb5 a4 46. Ne5 Bd6 47. Nc6+ Kf8 48. Nd4 a3 49. Nf5 Bb8 50. Bc4 Rb2 51. Bd5 a2 52. Bxa2 Rxa2 53. Kf3 Ra4 54. g4 Rf4+ 55. Ke3 Rxf5 56. gxf5 h6 57.
Ke4 Kf7 58. Kd5 Kf6 59. Ke4 Kg5 60. f6 Kxf6 61. Kf3 Kg5 62. Kg2 Kxh5 63. Kh1 g5 64. Kg2 Kg6 65. Kh1 h5 66. Kg2 h4 67. Kh1 Kh5 68. Kg2 g4 69. Kh1 h3 70. Kg1 Kg5 71.
Kh1 Kf4 72. Kg1 Kg3 73. Kh1 Kf3 74. Kg1 g3 75. Kh1 g2+ 76. Kg1 h2# 0-1

[Event "Early-Titled-Tuesday-Blitz-August-29-2023"]
[Site "Chess.com"]
[Date "2023.08.29"]
[Round "1"]
[White "yuki_chess123"]
[Black "tteshan"]
[Result "0-1"]
[WhiteElo "2207"]
[BlackElo "2584"]
[TimeControl "180+1"]
[EndTime "8:08:21 PDT"]
[Termination "tteshan won by resignation"]

1. Nf3 c5 2. e4 Nc6 3. Bb5 e6 4. Bxc6 bxc6 5. d3 d6 6. e5 d5 7. O-O Ne7 8. c4 Nf5 9. Nc3 Be7 10. b3 h5 11. Na4 g5 12. Ba3 g4 13. Ne1 Qc7 14. f4 Ne3 15. Qe2 Nxf1 16. Qxf1 Qa5 17. Qf2 Bd7 18. Bxc5 Bxc5 19. Nxc5 O-O-O 20. Nc2 h4 21. b4 Qb6 22. Qe3 Rdg8 23. a3 Rg6 24. Nd4 f6 25. exf6 Rxf6 26. Qe5 Rhf8 27. Qd6 Qc7 28.
Qxc7+ Kxc7 29. Re1 Kd6 30. g3 hxg3 31. hxg3 Rh8 32. Re5 Rh3 33. Nxd7 Kxd7 34. Kf2 Rh2+ 35. Ke3 Rg2 36. Ne2 Rf5 37. c5 Ke7 38. d4 Kf6 39. Kd3 Rxe5 40. dxe5+ Ke7 41. a4 Rf2 42. b5 Rf3+ 43. Kd2 cxb5 44. axb5 Rb3 45. Nd4 Rxg3 46. Nc6+ Kd7 47. Nxa7 Rb3 48. b6 g3 49. c6+ Ke7 50. c7 Rb2+ 51. Kc3 Rb1 52. Nc6+ Kd7 53. Na7 Rc1+ 54. Kd2 Rc4 55. b7 Kxc7 56. Nb5+ Kxb7 57. Nd6+ Kc6 58. Nxc4 dxc4 59. f5 exf5 60. e6 Kd6 61. e7 Kxe7 62. Kc3 f4 63. Kxc4 g2 0-1

[Event "Early-Titled-Tuesday-Blitz-August-29-2023"]
[Site "Chess.com"]
[Date "2023.08.29"]
[Round "1"]
[White "IamSchrodingersCat"]
[Black "frequentblunders"]
[Result "0-1"]
[WhiteElo "2541"]
[BlackElo "2129"]
[TimeControl "180+1"]
[EndTime "8:08:23 PDT"]
[Termination "frequentblunders won on time"]

1. e4 c5 2. Nf3 e6 3. d3 d5 4. Nbd2 Nf6 5. g3 Be7 6. Bg2 O-O 7. O-O b5 8. e5 Nfd7 9. Re1 Nc6 10. Nf1 a5 11. h4 a4 12. a3 b4 13. Bf4 Ba6 14.
N1h2 Qb6 15. axb4 Qxb4 16. Ra2 Rfb8 17. Ng5 c4 18. c3 Qb3 19. Rxa4 cxd3 20. Qxb3 Rxb3 21.
Rea1 Ndb8 22. R1a2 Ra7 23. Ngf3 Rb6 24. Be3 Rab7 25.
Bxb6 Rxb6 26. Nd2 Bc5 27. Nhf3 f6 28. exf6 gxf6 29. b4 Bd6 30. Rxa6 Nxa6 31. b5 Nab4 32.
cxb4 Nxb4 33. Ra8+ Kf7 34. Nd4 Bc5 35. Ra7+ Kg6 36. N2b3 d2 37. Ra1 Bd6 38. Nxd2 Be5 39. N2f3 Nd3 40. Nxe5+ fxe5 41. Rd1 Nb2 42. Rb1 exd4 43.
Rxb2 Kf6 44. f4 e5 45. Bxd5 d3 46. fxe5+ Kxe5 47. Bc6 Kd4 48. Kf2 Kc3 49. Ra2 Rb8 50. Ra3+ Kc2 51. Bf3 d2 52. Ra2+ Kc1 53. Ra1+ Kc2 54.
Rd1 Rxb5 55. Ke3 Re5+ 56. Kf4 Re1 57. Rxd2+ Kxd2 58. g4 Rf1 59. Kg5 Rxf3 60. Kh6 Rh3 61. h5 Ke3 62. g5 Kf4 63. g6 hxg6 64. Kxg6 Ke5 65. h6 Ke6 66. Kg7 Rg3+ 67. Kf8 Rh3 68. Kg7 Ke7 69. h7 Rg3+ 70. Kh6 Rh3+ 71. Kg7 Rg3+ 72.
Kh6 Kf7 73. h8=Q Rh3+ 0-1

[Event "Early-Titled-Tuesday-Blitz-August-29-2023"]
[Site "Chess.com"]
[Date "2023.08.29"]
[Round "1"]
[White "Kostukov_Alex"]
[Black "KononenkoD"]
[Result "0-1"]
[WhiteElo "2348"]
[BlackElo "2664"]
[TimeControl "180+1"]
[EndTime "8:08:25 PDT"]
[Termination "KononenkoD won on time"]

1. g3 c5 2. Bg2 Nc6 3. c4 g6 4.
Nf3 Bg7 5. O-O d6 6. Nc3 Be6 7. d3 Qd7 8. Rb1 Bh3 9. Bd2 h5 10. Bxh3 Qxh3 11. Ng5 Qf5 12. h4 Nf6 13. e4 Qd7 14. a3 O-O 15. b4 b6 16. b5 Nd4 17.
Nf3 Qg4 18. Nxd4 cxd4 19. Qxg4 hxg4 20. Nd5 Nxd5 21. cxd5 Rac8 22. Rfc1 Rc5 23. Bb4 Bh6 24. Bxc5 dxc5 25. Rc4 Bd2 26. Rb2 Ba5 27. Kg2 e6 28. d6 e5 29. f3 gxf3+ 30. Kxf3 Rd8 31. Rf2 Rxd6 32. Kg4 Bc3 33. Rc2 Kg7 34. Rf2 f6 35. Ra4 Rd7 36. Rc4 Be1 37. Re2 Bc3 38. Rf2 Kf7 39. Ra4 Ke6 40. Rc4 Rf7 41. Kh3 Rh7 42. g4 Be1 43. Rcc2 Bxf2 44. Rxf2 Rc7 45. Rc2 f5 46.
exf5+ gxf5 47. g5 e4 48. h5 exd3 49. Rg2 c4 50. g6 c3 51. h6 d2 52. g7 d1=Q 53.
g8=Q+ Ke5 54. Re2+ Qxe2 55. Qe8+ Kd5 56. Qxe2 c2 57. Qf3+ Kc4 58. Qf4 Re7 59. Qd2 Re3+ 60. Kh4 Rc3 61. Qc1 d3 62. h7 d2 63. Qxd2 c1=Q 64.
Qe2+ Kb3 0-1

[Event "Early-Titled-Tuesday-Blitz-August-29-2023"]
[Site "Chess.com"]
[Date "2023.08.29"]
[Round "1"]
[White "FontVella8"]
[Black "erlesfar"]
[Result "1-0"]
[WhiteElo "2651"]
[BlackElo "2324"]
[TimeControl "180+1"]
[EndTime "8:08:31 PDT"]
[Termination "FontVella8 won by checkmate"]

1. e4 c5 2. Nf3 d6 3. d4 cxd4 4. Nxd4 Nf6 5. f3 e5 6. Nb3 d5 7.
Bg5 d4 8. c3 Nc6 9. cxd4 exd4 10. Bb5 Bb4+ 11. Bd2 Bxd2+ 12. N1xd2 O-O 13. O-O Be6 14. Rc1 Qb6 15. Bxc6 bxc6 16. Nc4 Qb4 17. Qxd4 Rfd8 18. Qc5 Qb7 19. Nca5 Qa6 20. Nxc6 Re8 21. Nbd4 Qxa2 22. b4 h5 23. Rf2 Qa3 24. Nb5 Qd3 25. Nc7 h4 26. Ne5 Qa3 27. Nxa8 Rxa8 28. b5 Qa4 29. Nc6 h3 30. gxh3 Bxh3 31. Kh1 Qb3 32. Rg1 Be6 33. Qg5 Ne8 34. Nd4 Qc4 35. Nxe6 Qxe6 36.
Qd5 Qb6 37. Qxa8 Qxf2 38. e5 Kh7 39. Qe4+ Kg8 40. e6 Nf6 41. e7 Nxe4 42. e8=Q+ Kh7 43.
Qxe4+ g6 44. Qf4 Qa2 45. Qh4+ Kg7 46. Qd4+ Kh7 47. Qd7 Qb3 48. Qc6 Kg7 49. Rc1 Qa4 50.
Qc3+ Kh7 51. Rb1 Qf4 52. Rg1 Qf5 53. Rg4 Qh5 54. Kg2 Qh6 55. Kg3 g5 56. Qd3+ Kg7 57. h4 Kf8 58. Rxg5 Qf6 59. Qe4 Qd6+ 60. Qe5 Qh6 61.
Qb8+ Ke7 62. Qxa7+ Kf6 63. Qd4+ Ke7 64. Re5+ Kf8 65.
Qd8+ Kg7 66. Rg5+ Kh7 67. Qg8# 1-0

[Event "Early-Titled-Tuesday-Blitz-August-29-2023"]
[Site "Chess.com"]
[Date "2023.08.29"]
[Round "1"]
[White "Fh2411"]
[Black "queen_iryna"]
[Result "1-0"]
[WhiteElo "2663"]
[BlackElo "2347"]
[TimeControl "180+1"]
[EndTime "8:08:32 PDT"]
[Termination "Fh2411 won by resignation"]

1. d4 d6 2. Nf3 g6 3. Bf4 Bg7 4. e3 Nd7 5. h3 e5 6. Bh2 Ne7 7. c4 O-O 8. Nc3 exd4 9. Nxd4 Nc6 10. Nf3 Nde5 11. Be2 Bd7 12. O-O Nxf3+ 13. Bxf3 Ne5 14.
Be2 Bc6 15. Nd5 Re8 16. Rc1 a5 17. b3 b6 18. Qd2 Nd7 19. Rfd1 Nc5 20. Bf3 Ne4 21.
Qd3 Nc5 22. Qc2 Qd7 23. a3 Bb7 24. b4 axb4 25. axb4 Ne6 26. c5 bxc5 27. bxc5 Nxc5 28. Nxc7 Bxf3 29. gxf3 Qxc7 30. Bxd6 Qc8 31. Qxc5 Qxh3 32. Bg3 Rad8 33. Rxd8 Rxd8 34. Qe7 Rc8 35. Rd1 Qe6 36.
Qxe6 fxe6 37. Rd7 Rf8 38. Kg2 Rf7 39. Rd8+ Rf8 40. Rd6 e5 41. e4 Re8 42. Rd7 Bh6 43.
Bh4 Bg7 44. Bg5 h6 45. Be3 h5 46. Kg3 Bf6 47. Bc5 g5 48. Bd6 Rc8 49. Bc7 Re8 50. Bd6 Rc8 51. Kh3 Rc3 52. Kg2 h4 53. Be7 Bxe7 54.
Rxe7 h3+ 55. Kxh3 Rxf3+ 56. Kg2 Rf7 57. Rxe5 Rg7 58. Kg3 Kf7 59. Kg4 Kf6 60. Rf5+ Ke6 61. Rxg5 Rf7 62. f4 Ra7 63. Rg6+ Kf7 64. f5 Ra1 65.
Kf4 Ke7 66. Rh6 Kf7 67. Rh7+ Kg8 68. Rb7 Rf1+ 69. Ke5 1-0

[Event "Early-Titled-Tuesday-Blitz-August-29-2023"]
[Site "Chess.com"]
[Date "2023.08.29"]
[Round "1"]
[White "cycygogne"]
[Black "RojonR"]
[Result "1-0"]
[WhiteElo "2236"]
[BlackElo "2577"]
[TimeControl "180+1"]
[EndTime "8:08:32 PDT"]
[Termination "cycygogne won by resignation"]

1. e4 c5 2. Nf3 e6 3. d4 cxd4 4.
Nxd4 Nf6 5. Nc3 Nc6 6. Ndb5 d6 7.
Bf4 e5 8. Bg5 a6 9. Na3 b5 10. Bxf6 gxf6 11. Nd5 f5 12. Bd3 Be6 13. c3 Bg7 14. Qh5 h6 15. O-O Rc8 16. Ne3 f4 17.
Nf5 Bxf5 18. exf5 Qg5 19. Qh3 Bf6 20. Be4 Ne7 21. Rad1 Rd8 22. Rd2 f3 23. Rfd1 fxg2 24. c4 b4 25. Nc2 Rg8 26. Ne3 h5 27. Nd5 Nxd5 28. Rxd5 Ke7 29. Qb3 Qf4 30. Qxb4 Bh4 31. Qb7+ Kf8 32. R5d2 Rg4 33. Bf3 Rg5 34. Qc7 Rxf5 35.
Rxd6 Rxd6 36. Qxd6+ Kg7 37. Qd3 Qxf3 38. Qxf3 Rxf3 39.
Rd2 Bg5 40. Rc2 e4 41. Kxg2 h4 42. c5 h3+ 43. Kf1 e3 44. c6 Rxf2+ 45. Rxf2 Bd8 46. Re2 Bb6 47. b4 f5 48. c7 Bxc7 49. Rxe3 Bxh2 50. Rxh3 Bd6 51. a3 Kg6 52. Ke2 Kg5 53. Kf3 Be5 54.
Rh7 Bb2 55. a4 Bc3 56. b5 axb5 57. axb5 Bd4 58. Rb7 Kf6 59. Rd7 Bc5 60. Rc7 Bd4 61. Rc6+ Ke5 62. b6 Kd5 63. b7 Ba7 64. Rc8 1-0

[Event "Early-Titled-Tuesday-Blitz-August-29-2023"]
[Site "Chess.com"]
[Date "2023.08.29"]
[Round "1"]
[White "GMKrikor"]
[Black "Shuvalov"]
[Result "1-0"]
[WhiteElo "2861"]
[BlackElo "2449"]
[TimeControl "180+1"]
[EndTime "8:08:33 PDT"]
[Termination "GMKrikor won on time"]

1. Nf3 Nf6 2. c4 g6 3. Nc3 d5 4. cxd5 Nxd5 5. h4 c5 6. h5 Bg7 7. h6 Bf6 8. Ne4 Nd7 9. Nxf6+ N5xf6 10. b3 O-O 11. Bb2 b6 12. e3 Bb7 13. Bc4 Bd5 14.
Qc2 Qc7 15. Qc3 Qb7 16. O-O-O b5 17. Bxd5 Qxd5 18. Kb1 c4 19. d3 cxb3 20. Qxb3 Qxb3 21. axb3 a5 22. Nd4 Nc5 23. Nc6 Rfe8 24. Ka2 Nd5 25. Bd4 Ne6 26. Kb2 a4 27. Ra1 Rac8 28.
Rhc1 Nxd4 29. Nxd4 Nb4 30. Rxc8 Rxc8 31. bxa4 Nxd3+ 32. Kb3 Nc5+ 33. Kb4 Nxa4 34. Nxb5 Nb2 35. Ra7 Kf8 36.
f3 Nd3+ 37. Kb3 Ne1 38. Ra2 f6 39. Rd2 Rc1 40. Nc3 g5 41. e4 Kf7 42. Nd5 e6 43. Ne3 Kg6 44. Ng4 f5 45. exf5+ exf5 46. Rd6+ Kh5 47. Ne3 f4 48. Ng4 Nxg2 49. Rd7 Ne1 50.
Rxh7 Nxf3 51. Nf2 Kg6 52. Rh8 Rf1 53. Ng4 Rh1 54. Rg8+ Kf5 55. Nf2 Rxh6 56. Rf8+ Rf6 57. Rg8 Ne5 58. Kc3 g4 59. Kd4 g3 60. Ne4 Nf3+ 61. Kd5 Rg6 62. Rf8+ Kg4 63. Nc3 g2 64. Ne2 Nh4 65. Rxf4+ Kh3 66. Rf8 1-0

[Event "Early-Titled-Tuesday-Blitz-August-29-2023"]
[Site "Chess.com"]
[Date "2023.08.29"]
[Round "1"]
[White "masenik"]
[Black "chess94cu"]
[Result "0-1"]
[WhiteElo "2389"]
[BlackElo "2707"]
[TimeControl "180+1"]
[EndTime "8:08:33 PDT"]
[Termination "chess94cu won by checkmate"]

1. e4 d5 2. exd5 Nf6 3. Bb5+ Bd7 4. Be2 Nxd5 5. d4 c6 6. Nf3 Bg4 7. Ne5 Bxe2 8. Qxe2 e6 9. O-O Be7 10. c4 Nf6 11. Rd1 O-O 12. Nc3 Nbd7 13. b3 Qa5 14.
Bb2 Rfd8 15. a3 Nf8 16. b4 Qc7 17. h3 Ng6 18. Re1 Nxe5 19. dxe5 Nd7 20. Rad1 a5 21. c5 axb4 22. axb4 b6 23. cxb6 Nxb6 24. b5 Bb4 25.
bxc6 Qxc6 26. Rxd8+ Rxd8 27. Rc1 h6 28. Qb5 Qxb5 29.
Nxb5 Rd2 30. Bc3 Bxc3 31. Rxc3 Rd5 32. Nd6 Rxe5 33. Rc7 f6 34. Kh2 Rd5 35. Rc6 Nd7 36. Rc8+ Kh7 37. Ne4 f5 38. Ng3 Nf6 39. Rc7 Kg6 40.
Ne2 e5 41. f4 e4 42. Rc2 h5 43. g4 hxg4 44. hxg4 Nxg4+ 45. Kg3 Rd3+ 46. Kh4 Nf6 47. Ng3 Rf3 48. Rg2 Rxf4+ 49. Kh3 Rg4 50. Rf2 Rg5 51. Rf4 Nh5 52. Nxh5 Kxh5 53. Rh4+ Kg6 54. Rf4 Kf6 55. Rh4 g6 56. Rh8 Rh5+ 57. Rxh5 gxh5 58. Kh4 Ke5 59. Kg3 e3 60. Kf3 f4 61. Ke2 Ke4 62.
Kf1 f3 63. Kg1 Kd3 64. Kh2 e2 65. Kh3 e1=Q 66. Kh2 f2 67. Kh3 f1=Q+ 68. Kh2 Qef2# 0-1